 Dungeon Crawl Stone Soup version 0.28-a0-1594-ga885d4b3d6 (webtiles) character file.

Game seed: 7081427406820260754

5413 croobank the Covert (level 10, -3/49 HPs)
             Began as a Felid Delver on Jan 21, 2022.
             Was an Elder of Dithmenos.
             Slain by a bog body (21 damage)
             ... on level 2 of the Lair of Beasts.
             The game lasted 01:28:38 (16784 turns).

croobank the Covert (Felid Delver)                 Turns: 16784, Time: 01:28:38

Health: -3/49      AC:  4    Str: 12    XL:     10   Next: 40%
Magic:  15/15      EV: 24    Int: 12    God:    Dithmenos [****..]
Gold:   660        SH:  0    Dex: 16    Spells: 9/15 levels left
                                        Lives:  0   Deaths: 3

rFire   . . .      SeeInvis +     - Unarmed
rCold   . . .      Faith    .   (shield unavailable)
rNeg    + . .      Spirit   .   (armour unavailable)
rPois   .          Reflect  .   (helmet unavailable)
rElec   .          Harm     .   (cloak unavailable)
rCorr   .          Rampage  .   (gloves unavailable)
Will    +....                   (boots unavailable)
Stlth   +++++++++.              h - amulet of the acrobat
HPRegen 0.16/turn               j - ring of positive energy
MPRegen 0.14/turn               p - +4 ring of slaying

@: about to teleport, slowed, wreathed by umbra, studying Necromancy, slow
A: very small, claws 1, fangs 3, see invisible, speed 1, shaggy fur 2, stealthy
paws, no weapons or thrown items, no armour, multi-lived, horns 1, iridescent
scales 1, clumsy 1
a: Renounce Religion, Shadow Step


You were on level 2 of the Lair of Beasts.
You worshipped Dithmenos.
Dithmenos was greatly pleased with you.
You visited 2 branches of the dungeon, and saw 13 of its levels.
You also visited: Ossuary.

You collected 696 gold pieces.
You spent 36 gold pieces at shops.

Inventory:

Missiles
 i - 390 stones
 t - 5 javelins
Jewellery
 f - an amulet of magic regeneration
 h - an amulet of the acrobat (around neck)
 j - a ring of positive energy (left paw)
 p - a +4 ring of slaying (right paw)
 A - a ring of flight
Wands
 e - a wand of digging (7)
 m - a wand of paralysis (8)
 r - a wand of iceblast (10)
 s - a wand of charming (9)
 u - a wand of flame (15)
Scrolls
 a - a scroll of fog
 b - a scroll of magic mapping
 d - 3 scrolls of teleportation
 q - 2 scrolls of amnesia
 v - 2 scrolls of holy word
 z - 5 scrolls of identify
Potions
 g - 4 potions of flight
 l - 3 potions of ambrosia
 n - 6 potions of curing
 o - a potion of lignification
Miscellaneous
 y - a lightning rod (4/4)


   Skills:
 + Level 9.5 Fighting
 - Level 11.6 Dodging
 - Level 13.8 Stealth
 + Level 9.2 Unarmed Combat
 + Level 3.0 Spellcasting
 + Level 1.2 Conjurations
 - Level 4.6 Earth Magic
 + Level 1.4 Invocations


You had 9 spell levels left.
You knew the following spells:

 Your Spells              Type           Power      Damage    Failure   Level
a - Sandblast             Erth           24%        2d8       3%          1
b - Passwall              Tmut/Erth      5%         N/A       14%         2
c - Stone Arrow           Conj/Erth      16%        3d8       22%         3

Your spell library contained the following spells:

 Spells                   Type           Power      Damage    Failure   Level


Dungeon Overview and Level Annotations

Branches:
Dungeon (11/15)            Temple (0/1) D:7            Lair (2/6) D:9
Ossuary (visited)
  Swamp: Lair:2-4    Shoals: Lair:2-4     Snake: Lair:2-4    Spider: Lair:2-4
    Orc: D:9-12

Altars:
Dithmenos
Hepliaklqana
Xom

Shops:
D:4 !   D:6 [

Annotations:
D:7 Harold
Lair:1 Fannar


Innate Abilities, Weirdness & Mutations

You have sharp claws.
You have razor-sharp teeth.
You have supernaturally acute eyesight. (SInv)
You cover ground quickly. (Speed+)
You are covered in thick fur. (AC +2)
Your paws help you pounce on unaware monsters.
You are incapable of wielding weapons or throwing items.
You cannot wear armour.
You gain extra lives every three experience levels.
You have a pair of small horns on your head.
You are partially covered in iridescent scales. (AC +2)
You are clumsy. (Dex -2)


Message History

Where to? (Enter - D:9, ? - help)
You see here 21 arrows.
There is a stone staircase leading down here.
You climb downwards.
You feel a wave of frost pass over you.
There is an entrance to an ice cave on this level.
Hurry and find it before the portal melts!
Found a scroll of teleportation.
There is a stone staircase leading up here.
d - 4 scrolls of teleportation (gained 1)
Found a lajatang.
A cane toad comes into view.
You pounce on the unaware helpless cane toad!
You eviscerate the cane toad!!!!
You kill the cane toad!
Dithmenos accepts your kill.
Your Spellcasting skill increases to level 3!
A bog body comes into view.
Press: ? - help, v - describe, . - travel A tree.
This square is wreathed by an umbra.
The bog body gestures at you while chanting.
The bolt of cold misses you. The bog body touches you!
The bog body freezes you!!
You scratch the bog body. You headbutt the bog body.
The bog body is moderately damaged.
The bog body points at you and mumbles some strange words.
You feel yourself slow down.
As you read the scroll of teleportation, it crumbles to dust.
You feel strangely unstable. The bog body completely misses you.
You claw the bog body!
The bog body is heavily damaged.
Your shadow hits the bog body.
You hear the faint crackling of a very distant melting archway.
The bog body gestures at you while chanting.
You feel as though you will be slow longer.
The bog body closely misses you.
You scratch the bog body.
The bog body is severely damaged.
The bog body touches you. The bog body freezes you!!
You die...

#..## #..# ##.P# #♣♣≈♣.≈♣
######..## #♣.♣≈..≈♣
.........#####..♣≈..≈♣
...........##...♣≈..n♣
...........#....♣≈..≈
........P.......♣♣..♣
.........#......@♣..♣ .
.....#..###.....n♣..♣...#
..####### #.......⌠⌠...#
.# ##..........#.#
####......#...
#........... ##......####
##...### #....


You could see a bog body.

Vanquished Creatures
  Snorg (D:10)
  A hydra (Lair:1)
  2 two-headed ogres (D:9)
  An ugly thing (D:10)
  A cyclops (D:11)
  Joseph (D:7)
  3 cane toads
  Maggie (D:9)
  A rime drake (Lair:1)
  An efreet (D:10)
  2 trolls (D:9)
  Sigmund (D:3)
  2 wraiths
  A wyvern (D:9)
  A hog (D:10)
  A human (D:10)
  11 yaks
  2 vampire mosquitoes (D:7)
  A basilisk (Lair:1)
  A steam dragon (D:5)
  2 water moccasins
  3 orc warriors
  A hornet zombie (D:9)
  3 ice beasts
  A sky beast (D:8)
  5 centaurs
  An ogre (D:5)
  2 wolves (D:9)
  2 phantoms
  4 bullfrogs
  A scorpion (D:5)
  A wyvern zombie (D:7)
  2 water moccasin skeletons (D:6)
  3 killer bees (D:8)
  2 electric eels (D:9)
  A lava snake (D:7)
  A howler monkey (D:6)
  3 centaur zombies
  9 hounds
  A jelly (D:6)
  2 centaur skeletons
  3 orc priests
  A gnoll shaman (D:7)
  4 bullfrog skeletons
  An iguana (D:7)
  7 orc wizards
  A killer bee zombie (D:5)
  A hound skeleton (D:4)
  A mummy (Ossuary)
  A howler monkey zombie (D:7)
  12 gnolls
  A howler monkey skeleton (D:7)
  6 adders
  3 shadow imps
  2 ufetubi
  3 worms
  3 dart slugs
  27 orcs
  2 ball pythons
  11 bats
  5 endoplasms
  3 giant cockroaches
  10 goblins
  6 hobgoblins
  4 jackals (D:2)
  4 quokkas
  4 frilled lizards
  8 gnoll skeletons (Ossuary)
  5 kobolds
  7 kobold skeletons (Ossuary)
  10 orc skeletons (Ossuary)
  6 rats
248 creatures vanquished.

Vanquished Creatures (collateral kills)
  A yak (D:10)
  2 hogs (D:10)
  A killer bee zombie (D:9)
4 creatures vanquished.

Vanquished Creatures (others)
  An orc (D:9)
  4 fungi (Lair:1)
  18 plants
23 creatures vanquished.

Grand Total: 275 creatures vanquished

Notes
Turn   | Place    | Note
-------+----------+-------------------------------------------
     0 | D:5      | croobank the Felid Delver began the quest for the Orb.
     0 | D:5      | Reached XP level 1. HP: 10/10 MP: 2/2
    19 | D:4      | Noticed a phantom
   425 | D:1      | Reached XP level 2. HP: 12/14 MP: 3/3
   974 | D:1      | Found a faded altar of an unknown god.
  1017 | D:1      | Prayed at the altar of an unknown god.
  1017 | D:1      | Became a worshipper of Dithmenos the Shadowed
  1017 | D:1      | Reached * piety under Dithmenos
  1479 | D:2      | Reached skill level 7 in Stealth
  1479 | D:2      | Reached XP level 3. HP: 12/17 MP: 4/4
  1578 | D:2      | Found a shimmering altar of Xom.
  1912 | D:3      | Gained mutation: You are clumsy. (Dex -2) [potion of
                  | mutation]
  1912 | D:3      | Gained mutation: Your magical capacity is low. (-10% MP)
                  | [potion of mutation]
  1912 | D:3      | Gained mutation: You passively dampen the noise of your
                  | surroundings. [potion of mutation]
  2113 | D:3      | Noticed Sigmund
  2399 | D:2      | Lost mutation: Your magical capacity is low. (-10% MP)
                  | [potion of mutation]
  2399 | D:2      | Lost mutation: You passively dampen the noise of your
                  | surroundings. [potion of mutation]
  2399 | D:2      | Gained mutation: You are partially covered in iridescent
                  | scales. (AC +2) [potion of mutation]
  2399 | D:2      | Gained mutation: You expend magic power (3 MP) to
                  | strengthen your wands. [potion of mutation]
  2399 | D:2      | Lost mutation: You expend magic power (3 MP) to strengthen
                  | your wands. [potion of mutation]
  2399 | D:2      | Gained mutation: You have a pair of small horns on your
                  | head. [potion of mutation]
  2485 | D:2      | Reached XP level 4. HP: 5/21 MP: 5/5
  2856 | D:2      | Reached ** piety under Dithmenos
  3640 | D:2      | Reached XP level 5. HP: 25/25 MP: 6/6
  4298 | D:4      | Found Qusoc's Distillery.
  4301 | D:4      | Bought a potion of curing for 36 gold pieces
  4939 | D:5      | Reached skill level 8 in Stealth
  4939 | D:5      | Gained mutation: You are covered in thick fur. (AC +2)
                  | [Felid growth]
  4939 | D:5      | Reached XP level 6. HP: 29/29 MP: 7/7
  5026 | D:5      | Reached skill level 5 in Dodging
  5172 | D:5      | Noticed a water moccasin
  5215 | D:5      | Reached *** piety under Dithmenos
  5376 | D:5      | Reached XP level 7. HP: 18/33 MP: 8/8
  5544 | D:5      | Reached skill level 5 in Fighting
  5548 | D:5      | Noticed a steam dragon
  5553 | D:5      | Killed a steam dragon
  5554 | D:5      | Reached skill level 9 in Stealth
  6119 | D:6      | Reached XP level 8. HP: 37/37 MP: 9/9
  6275 | D:6      | Reached skill level 5 in Unarmed Combat
  6320 | D:6      | Identified the +4 falchion of Wigeoq {freeze, *Rage Int+4
                  | Dex+5}
  6525 | D:6      | Identified the +0 plate armour of Gestures {Fly Str+3 Int-5
                  | Dex+3}
  6532 | D:6      | Reached skill level 10 in Stealth
  6760 | D:6      | Found Moacof Ekag's Antique Armour Shop.
  6847 | D:3      | Killed Sigmund
  7203 | D:7      | Noticed Harold
  7407 | D:7      | Reached XP level 9. HP: 22/42 MP: 10/10
  7760 | D:7      | Noticed Joseph
  7874 | D:7      | Killed Joseph
  7875 | D:7      | Reached skill level 11 in Stealth
  8128 | D:7      | Found a staircase to the Ecumenical Temple.
  8643 | D:8      | Found a sand-covered staircase.
  8653 | Ossuary  | Entered an ossuary
  8808 | Ossuary  | Reached **** piety under Dithmenos
  9984 | D:8      | Learned a level 1 spell: Sandblast
  9987 | D:8      | Learned a level 2 spell: Passwall
 10197 | D:9      | Noticed Maggie
 10208 | D:9      | Noticed a troll
 10215 | D:9      | Killed Maggie
 10216 | D:9      | Reached skill level 1 in Earth Magic
 10216 | D:9      | Noticed a two-headed ogre
 10530 | D:7      | Slain by a vampire mosquito
 10531 | D:7      | Reached XP level 8. HP: -1/40 MP: 9/9
 10637 | D:7      | Reached skill level 12 in Stealth
 10723 | D:7      | Reached XP level 9. HP: 44/44 MP: 10/10
 11096 | D:9      | Found a staircase to the Lair.
 11264 | D:10     | Entered Level 10 of the Dungeon
 11381 | D:9      | Reached skill level 10 in Dodging
 11829 | D:10     | Noticed a brown ugly thing
 11903 | D:10     | Noticed Snorg
 12350 | D:10     | Killed a brown ugly thing
 12440 | D:10     | Noticed an efreet
 12481 | D:10     | Killed from afar by an efreet
 12482 | D:10     | Reached XP level 8. HP: -5/40 MP: 9/9
 12561 | D:10     | Killed an efreet
 12566 | D:10     | Identified the +4 pair of gloves "Umot" {rElec rF+++ Str+2
                  | Int-3}
 12630 | D:10     | Killed Snorg
 12631 | D:10     | Reached XP level 9. HP: 34/45 MP: 10/10
 12784 | D:10     | Identified the +9 long sword "Neg Fachaepp" {vorpal, *Noise
                  | rElec Str+4}
 12879 | D:10     | Reached ***** piety under Dithmenos
 12883 | D:10     | Reached skill level 13 in Stealth
 13181 | D:11     | Noticed a cyclops
 13183 | D:11     | Killed a cyclops
 13242 | D:11     | Noticed a boulder beetle
 13250 | D:11     | Noticed a gargoyle
 13414 | D:9      | Noticed a two-headed ogre
 13662 | D:10     | Learned a level 3 spell: Stone Arrow
 14230 | D:9      | Reached XP level 10. HP: 37/40 MP: 11/11
 14423 | D:9      | Killed a two-headed ogre
 14424 | D:9      | Reached skill level 1 in Spellcasting
 14461 | D:9      | Killed a two-headed ogre
 15193 | D:9      | Found a hazy altar of Hepliaklqana.
 15193 | D:9      | Found a shadowy altar of Dithmenos.
 15268 | Lair:1   | Entered Level 1 of the Lair of Beasts
 15432 | Lair:1   | Noticed a four-headed hydra
 15458 | Lair:1   | Killed a four-headed hydra
 15964 | Lair:1   | Noticed a cane toad
 15973 | Lair:1   | Killed a cane toad
 15974 | Lair:1   | Reached XP level 11. HP: 53/53 MP: 15/15
 15982 | Lair:1   | Noticed an eight-headed hydra
 15987 | Lair:1   | Noticed Fannar
 15991 | Lair:1   | Mangled by an eight-headed hydra
 15992 | Lair:1   | Reached XP level 10. HP: -6/49 MP: 14/14
 16055 | Lair:1   | Noticed a cane toad
 16063 | Lair:1   | Killed a cane toad
 16456 | Lair:1   | Reached skill level 1 in Invocations
 16468 | Lair:1   | Reached skill level 1 in Conjurations
 16759 | Lair:2   | Noticed a cane toad
 16767 | Lair:2   | Killed a cane toad
 16770 | Lair:2   | Noticed a bog body
 16784 | Lair:2   | Slain by a bog body

Illustrated notes

Levels and vault maps discovered:
D:1:      dpeg_arrival_round_c, layout_loops_cross, serial_co_window_serial,
          co_window_paths_a, co_window_corner_a, co_window_of_opportunity_a,
          co_window_of_opportunity_a, co_window_paths_a, co_window_paths_a,
          co_window_paths_b, co_window_of_opportunity_b, co_window_2corner,
          co_window_2corner, co_window_of_opportunity_c, co_window_broadway_a,
          co_window_of_opportunity_b, ebering_ecumenical_altar_abandoned
D:2:      layout_basic, basic_altar
D:3:      layout_basic, uniq_sigmund
D:4:      layout_cave_pools, serial_shops, nicolae_shop_window_shopping,
          cheibrodos_gnoll_hut
D:5:      nicolae_cairo_tiling_large_dashed, layout_rooms, minmay_manual_mail
D:6:      layout_cave_pools, serial_shops, nicolae_shop_window_shopping
D:7:      layout_loops_ring, minmay_temple_entry_grid,
          kennysheep_opposing_triangles, uniq_harold, uniq_joseph
D:8:      layout_loops_ring, chequers_ossuary_entry_cave,
          chequers_serial_rivers_large_a
D:9:      layout_basic, riverfiend_overflow_shadow_ancestor, erik_lair_island,
          nicolae_concentric_dashed_squares_wild, minmay_crystal_room,
          minmay_door_square, uniq_maggie
D:10:     layout_grid_maze, grunt_livestock, uniq_snorg
D:11:     layout_big_octagon, minmay_orc_entry_guard_dogs, hex_medium
Lair:1:   layout_gridlike, lemuel_fruit_tree, uniq_fannar
Lair:2:   layout_cave_pods, nicolae_swamp_entry_splash_gauntlet,
          portal_ice_cave_entry_imps, lemuel_old_faithful,
          infiniplex_staircase_pool

Skill      XL: |  1  2  3  4  5  6  7  8  9 10 |
---------------+-------------------------------+-----
Dodging        | 3 4 5 6 8 10 11 | 11.6
Stealth        | 7 8 9 12 13 | 13.8
Unarmed Combat | 3 4 8 7 9 |  9.2
Fighting       | 4 5 6 8 9 |  9.5
Earth Magic    | 3 2 4 |  4.6
Spellcasting   | 3 |  3.0
Invocations    | 1 |  1.4
Conjurations   | 1 |  1.2

Action                   |  1- 3 |  4- 6 |  7- 9 | 10-12 || total
-------------------------+-------+-------+-------+-------++-------
Melee: Unarmed           |   110 |   216 |   444 |   151 ||   921
       Bite              |    10 |    32 |    51 |    23 ||   116
       Punch             |     2 |     7 |    24 |     9 ||    42
       Headbutt          |     1 |    38 |   100 |    38 ||   177
Invok: Shadow Form       |       |       |     1 |       ||     1
Evoke: Wand              |       |       |    11 |       ||    11
  Use: Scroll            |     3 |     8 |    16 |     3 ||    30
       Potion            |     3 |     3 |    10 |     4 ||    20
 Stab: Distracted        |     1 |       |     3 |     1 ||     5
       Sleeping          |    12 |     7 |    40 |     9 ||    68
       Invisible         |       |       |     4 |       ||     4
Armor: Skin              |     8 |    11 |    24 |     8 ||    51
Dodge: Dodged            |    94 |   181 |   445 |   152 ||   872

Table legend: (Time is in decaauts)
 A = Elapsed time spent in this place.
 B = Non-inter-level travel time spent in this place.
 C = Inter-level travel time spent in this place.
 D = Time resting spent in this place.
 E = Time spent auto-exploring this place.
 F = Levels seen in this place.
 G = Mean time per level.
                   A        B        C        D        E       F      G
               +--------+--------+--------+--------+--------+-----+--------+
         Total |  14977 |  14531 |    446 |   4784 |   5403 |  14 | 1069.8 |
       Dungeon |  13146 |  12756 |    390 |   4172 |   4995 |  11 | 1195.1 |
          Lair |   1315 |   1260 |     55 |    426 |    302 |   2 |  657.5 |
       Ossuary |    515 |    515 |      0 |    186 |    105 |   1 |  515.0 |
               +--------+--------+--------+--------+--------+-----+--------+

Top non-repeatable levels by time:
    D:10: 2181 daAuts
     D:7: 2011 daAuts
     D:9: 1573 daAuts
     D:1: 1439 daAuts
     D:2: 1303 daAuts
  Lair:1: 1265 daAuts
     D:3: 1135 daAuts
     D:5: 1033 daAuts
     D:8: 945 daAuts
     D:4: 771 daAuts
     D:6: 668 daAuts
 Ossuary: 515 daAuts
    D:11: 81 daAuts
  Lair:2: 50 daAuts
